 Seeded DCSS version 0.27-a0-1006-g1fd4cec11e (webtiles) character file.

Game seed: 20210418 (custom seed)

13 Snicker the Sneak (level 2, 0/22 HPs)
             Began as a Demonspawn Brigand on Apr 18, 2021.
             Slain by a gnoll
             ... wielding a +0 flail
              (2 damage)
             ... on level 1 of the Dungeon.
             The game lasted 00:01:51 (367 turns).

Snicker the Sneak (Demonspawn Brigand)               Turns: 367, Time: 00:01:52

Health: 0/22       AC:  4    Str: 11    XL:     2   Next: 24%
Magic:  2/2        EV: 11    Int: 12    God:
Gold:   40         SH:  0    Dex: 14    Spells: 1/1 levels left

rFire    . . .     SeeInvis .   a - +2 dagger
rCold    . . .     Faith    .   (no shield)
rNeg     . . .     Spirit   .   b - +0 robe
rPois    .         Reflect  .   (no helmet)
rElec    .         Harm     .   c - +1 cloak
rCorr    .         Rampage  .   (no gloves)
Will     .....                  (no boots)
Stlth    +++.......             (no amulet)
HPRegen  0.07/turn              (no ring)
MPRegen  0.08/turn              (no ring)

@: about to teleport
A: powered by death 1
a: no special abilities


You were on level 1 of the Dungeon.
You visited 1 branch of the dungeon, and saw 1 of its levels.

You collected 40 gold pieces.

Inventory:

Hand Weapons
 a - a +2 dagger (weapon)
Missiles
 d - 30 poisoned darts (quivered)
Armour
 b - a +0 robe (worn)
 c - a +1 cloak (worn)
Scrolls
 f - 2 scrolls of amnesia


   Skills:
 + Level 2.0 Fighting
 + Level 1.9 Short Blades
 + Level 2.0 Throwing
 + Level 0.8 Dodging
 + Level 4.0 Stealth


You had one spell level left.
You didn't know any spells.
Your spell library was empty.

Dungeon Overview and Level Annotations

Branches:
Dungeon (1/15)

Altars:


Innate Abilities, Weirdness & Mutations

You regenerate a little health from kills.


Message History

You are frozen.
You hit the endoplasm but do no damage.
The endoplasm is lightly wounded.
The endoplasm freezes you.
You are frozen.
* * * LOW HITPOINT WARNING * * *
Throw: 2 darts (curare)
Press: ? - help, Q - select action, (/) - cycle Shift-Dir - straight line, f - gnoll
Aim: a gnoll, wielding a +0 flail (lightly wounded, 64% to hit)
You throw a curare-tipped dart.
The curare-tipped dart hits the endoplasm.
The endoplasm is lightly wounded.
Throw: dart (curare)
Press: ? - help, Q - select action, (/) - cycle Shift-Dir - straight line, f/p - gnoll
Aim: a gnoll, wielding a +0 flail (lightly wounded, 64% to hit)
You throw a curare-tipped dart.
The curare-tipped dart hits the endoplasm.
The endoplasm is lightly wounded.
The endoplasm hits you.
* * * LOW HITPOINT WARNING * * *
Unknown command.
You hit the gnoll.
The gnoll is lightly wounded.
The gnoll barely misses you.
Unknown command.
You aren't carrying any items that you can evoke.
You aren't carrying any potions.
Unknown command.
As you read the scroll labelled HIONOA GEUWOU, it crumbles to dust.
It is a scroll of amnesia.
You feel forgetful for a moment. The gnoll hits you with a +0 flail.
* * * LOW HITPOINT WARNING * * *
There are no items here.
As you read the scroll labelled HANGEIX YPNIO, it crumbles to dust.
It is a scroll of enchant armour.
Your +0 cloak glows green for a moment.
The gnoll barely misses you.
As you read the scroll labelled RAFIESTR GOCUA, it crumbles to dust.
You feel strangely unstable.
It was a scroll of teleportation.
The gnoll hits you with a +0 flail.
You die...

#...........##.......#........#
#......#......................#
..............................#
..............................#
..................##..........#
####................###.......#
#..................#.......#
#..........Jg......###'####...
##...........#@.....###....#...
+.............+.................
###..........(#.................
##...........#..........#......
...............#........#......
......#........#...............
..#. #........#.....†.#....... #
##........#.......#.......
#.........+.......+....


You could see a gnoll and an endoplasm.

Vanquished Creatures
  2 ball pythons (D:1)
  2 endoplasms (D:1)
  2 giant cockroaches (D:1)
  A goblin (D:1)
  A hobgoblin (D:1)
  A quokka (D:1)
  A frilled lizard (D:1)
10 creatures vanquished.

Notes
Turn   | Place    | Note
-------+----------+-------------------------------------------
     0 | D:1      | Snicker the Demonspawn Brigand began the quest for the Orb.
     0 | D:1      | Reached XP level 1. HP: 16/16 MP: 1/1
   204 | D:1      | Reached skill level 4 in Stealth
   204 | D:1      | Gained mutation: You regenerate a little health from kills.
                  | [demonic ancestry]
   204 | D:1      | Reached XP level 2. HP: 18/22 MP: 2/2
   367 | D:1      | Slain by a gnoll

Illustrated notes

Levels and vault maps discovered:
D:1:      saegor_arrival_simple_d, layout_basic,
          hellmonk_ecumenical_altar_heavens_door

Skill      XL: |  1  2 |
---------------+-------+-----
Stealth        | 4 |  4.0
Throwing       | 2 |  2.0
Fighting       | |  2.0
Short Blades   | |  1.9
Dodging        | |  0.8

Action                   || total
-------------------------++-------
Melee: Dagger            ||    42
Throw: Dart              ||     2
  Use: Scroll            ||     3
 Stab: Sleeping          ||     3
Armor: Robe              ||     8
Dodge: Dodged            ||    21

Table legend: (Time is in decaauts)
 A = Elapsed time spent in this place.
 B = Non-inter-level travel time spent in this place.
 C = Inter-level travel time spent in this place.
 D = Time resting spent in this place.
 E = Time spent auto-exploring this place.
 F = Levels seen in this place.
 G = Mean time per level.
                   A        B        C        D        E       F      G
               +--------+--------+--------+--------+--------+-----+--------+
         Total |    362 |    362 |      0 |      0 |    221 |   1 |  362.0 |
       Dungeon |    362 |    362 |      0 |      0 |    221 |   1 |  362.0 |
               +--------+--------+--------+--------+--------+-----+--------+

Top non-repeatable levels by time:
     D:1: 362 daAuts
